 Dungeon Crawl Stone Soup version 0.29-a0-813-g4a14ea37d6 (webtiles) character file.

Game seed: 16385122174020202201

1075 bande the Chopper (level 8, -6/49 HPs)
             Began as a Gargoyle Fighter on July 4, 2022.
             Mangled by a two-headed ogre
             ... wielding a +0 giant club
              (30 damage)
             ... on level 4 of the Dungeon.
             The game lasted 00:11:55 (5768 turns).

bande the Chopper (Gargoyle Fighter)                Turns: 5768, Time: 00:11:55

Health: -6/49      AC: 17    Str: 20    XL:     8   Next: 29%
Magic:  8/8        EV: 11    Int:  9    God:
Gold:   299        SH:  6    Dex: 11    Spells: 7/7 levels left

rFire   . . .      SeeInvis .   a - +1 war axe
rCold   . . .      Faith    .   c - +1 buckler
rNeg    + . .      Spirit   .   k - +0 chain mail
rPois   ∞          Reflect  .   (no helmet)
rElec   +          Harm     .   p - +1 cloak of Starlight {*Dazzle EV+4 Stlth--}
rCorr   .          Rampage  .   (no gloves)
Will    .....                   (no boots)
Stlth   ..........              (no amulet)
HPRegen 0.16/turn               (no ring)
MPRegen 0.11/turn               (no ring)

@: mighty
A: sickness immunity, AC +5, negative energy resistance 1, electricity
resistance, torment resistance 1, petrification resistance
a: no special abilities


You were on level 4 of the Dungeon.
You visited 1 branch of the dungeon, and saw 5 of its levels.
You also visited: Sewer.

You collected 299 gold pieces.

Inventory:

Hand Weapons
 a - a +1 war axe (weapon)
 s - a +0 flail
Armour
 c - a +1 buckler (worn)
 k - a +0 chain mail (worn)
 p - the +1 cloak of Starlight (worn) {*Dazzle EV+4 Stlth--}
   (You found it in a sewer)

   It may blind those who miss an attack against the wearer in melee combat.
   EV:        It affects your evasion (+4).
   Stlth:     It makes you much less stealthy.
Jewellery
 q - the ring "Yheky" {Fly rN+ Str+2 Dex-5}
   (You found it on level 4 of the Dungeon)

   [ring of flight]

   Str:       It affects your strength (+2).
   Dex:       It affects your dexterity (-5).
   rN:        It protects you from negative energy.
   Fly:       It grants you flight.
Scrolls
 b - a scroll of teleportation
 g - a scroll of fear
 h - 2 scrolls of enchant weapon
 i - a scroll of enchant armour
 n - a scroll of silence
 t - a scroll of poison {unknown}
Potions
 e - a potion of heal wounds
 f - a potion of ambrosia
 j - a potion of curing
 l - 2 potions of haste
 m - 2 potions of resistance
 o - a potion of berserk rage
 r - a potion of cancellation


   Skills:
 + Level 5.1 Fighting
 + Level 6.6 Axes
 + Level 5.3 Armour
 + Level 4.9 Shields


You had 7 spell levels left.
You didn't know any spells.
Your spell library was empty.

Dungeon Overview and Level Annotations

Branches:
Dungeon (5/15)              Sewer (visited)
 Temple: D:4-7

Altars:
Ashenzari
Ru
Wu Jian
Yredelemnul

Annotations:
D:5 Prince Ribbit


Innate Abilities, Weirdness & Mutations

You are immune to sickness and miasma.
Your stone body is resilient. (AC +5)
You are immune to poison.
You resist negative energy. (rN+)
You are resistant to electric shocks. (rElec)
You are resistant to unholy torment.
You are immune to petrification.


Message History

You climb downwards.
Level annotation: Prince Ribbit You block Prince Ribbit's attack. x2; The two-headed ogre barely misses you.
The two-headed ogre hits you with a +0 giant club!
An orc comes into view. It is wielding a +0 hand axe.
Prince Ribbit hits you.
There is a stone staircase leading up here.
Prince Ribbit hops awkwardly around.
Prince Ribbit blinks!
The two-headed ogre hits you with a +0 giant club!!
The two-headed ogre closely misses you.
You climb upwards.
There is a stone staircase leading down here.
You slash the two-headed ogre!
The two-headed ogre is moderately wounded.
The two-headed ogre closely misses you.
The two-headed ogre hits you with a +0 giant club.
* * * LOW HITPOINT WARNING * * *
You barely miss the two-headed ogre.
The two-headed ogre is moderately wounded.
You hit the two-headed ogre but do no damage.
The two-headed ogre is moderately wounded.
The two-headed ogre closely misses you.
The two-headed ogre hits you with a +0 giant club!
* * * LOW HITPOINT WARNING * * *
You feel much better.
The two-headed ogre hits you with a +0 giant club! x2
* * * LOW HITPOINT WARNING * * *
You feel much better.
You feel very mighty all of a sudden. The two-headed ogre misses you.
The two-headed ogre hits you with a +0 giant club!
You barely miss the two-headed ogre.
The two-headed ogre is lightly wounded.
The two-headed ogre closely misses you. You block the two-headed ogre's attack.
You completely miss the two-headed ogre.
The two-headed ogre is lightly wounded.
The two-headed ogre hits you with a +0 giant club!!
Ouch! That really hurt!
You die...

##########.††........#
#...##).#..#######
#...##))#...##
#............#
##...######...#
#.....#.......# ##
#.....#.###...# .#
#.....#......†#
.###.#.#.#.#.###@##
.##....#.........O#
.#####...#....###.# .#
##..########.# .#
#..##.......#
.######..##.#######
.....##.)##.......#
.....##...#.......#
.....##.#.#.....(.#


You could see a two-headed ogre.

Vanquished Creatures
  Eustachio (D:4)
  A water moccasin (Sewer)
  An ogre (D:4)
  2 scorpions (D:5)
  A hound (D:5)
  2 gnoll boudas
  Jessica (D:2)
  Terence (D:3)
  2 iguanas
  3 orc wizards
  Robin (D:4)
  11 adders
  9 gnolls
  A river rat (D:3)
  2 ufetubi
  2 worms
  A dart slug (D:1)
  16 orcs
  9 ball pythons
  11 bats
  8 endoplasms
  7 giant cockroaches
  21 goblins
  6 hobgoblins
  4 jackals (D:4)
  7 kobolds
  3 quokkas
  3 frilled lizards
  8 rats
145 creatures vanquished.

Vanquished Creatures (others)
  A fungus (D:1)
  A plant (D:1)
2 creatures vanquished.

Grand Total: 147 creatures vanquished

Notes
Turn   | Place    | Note
-------+----------+-------------------------------------------
     0 | D:1      | bande the Gargoyle Fighter began the quest for the Orb.
     0 | D:1      | Reached XP level 1. HP: 14/14 MP: 1/1
    47 | D:1      | Found a faded altar of an unknown god.
   128 | D:1      | Reached XP level 2. HP: 19/19 MP: 2/2
   401 | D:1      | Reached skill level 2 in Axes
   731 | D:1      | Reached XP level 3. HP: 24/24 MP: 3/3
  1179 | D:2      | Noticed Jessica
  1183 | D:2      | Killed Jessica
  1184 | D:2      | Reached XP level 4. HP: 24/29 MP: 4/4
  1583 | D:2      | Reached skill level 3 in Axes
  1782 | D:2      | Reached XP level 5. HP: 26/33 MP: 5/5
  2083 | D:3      | Found a broken altar of Ashenzari.
  2083 | D:3      | Noticed Terence
  2541 | D:3      | Found a glowing drain.
  2561 | Sewer    | Entered a sewer
  2904 | Sewer    | Noticed a water moccasin
  2913 | Sewer    | Killed a water moccasin
  2914 | Sewer    | Reached skill level 4 in Axes
  2914 | Sewer    | Reached XP level 6. HP: 27/38 MP: 6/6
  3004 | Sewer    | Found the +1 cloak of Starlight {*Dazzle EV+4 Stlth--}
  3290 | D:3      | Killed Terence
  3504 | D:4      | Noticed Eustachio
  3518 | D:4      | Noticed Robin
  3521 | D:4      | Killed Eustachio
  3522 | D:4      | Reached skill level 5 in Axes
  3522 | D:4      | Reached XP level 7. HP: 34/44 MP: 7/7
  3526 | D:4      | Killed Robin
  3604 | D:4      | Identified the ring "Yheky" {Fly rN+ Str+2 Dex-5}
  4192 | D:4      | Reached skill level 5 in Armour
  4624 | D:5      | Entered Level 5 of the Dungeon
  4629 | D:5      | Reached skill level 6 in Axes
  4671 | D:5      | Reached XP level 8. HP: 34/48 MP: 8/8
  5029 | D:5      | Reached skill level 5 in Fighting
  5332 | D:5      | Found a sacrificial altar of Ru.
  5332 | D:5      | Found an ornate altar of the Wu Jian Council.
  5333 | D:5      | Found a basalt altar of Yredelemnul.
  5349 | D:5      | Noticed Prince Ribbit
  5352 | D:5      | Noticed a two-headed ogre
  5768 | D:4      | Mangled by a two-headed ogre

Illustrated notes

Levels and vault maps discovered:
D:1:      minmay_arrival_pointy, layout_loops_ring,
          dreamdust_ecumenical_altar_grove
D:2:      minmay_angry_zag, layout_basic, uniq_jessica
D:3:      layout_loops_ring, mainiacjoe_overflow_concentric_impassable,
          gup_sewer_entry_bubbles, uniq_terence
D:4:      layout_basic, uniq_eustachio, uniq_robin
D:5:      layout_basic, old_standard_altar, gammafunk_temple_overflow_claw,
          serial_shops, nicolae_diamond_shop, uniq_prince_ribbit1

Skill      XL: |  1  2  3  4  5  6  7  8 |
---------------+-------------------------+-----
Axes           | 2 3 4 5 6 |  6.6
Armour         | 4 5 |  5.3
Shields        | 4 |  4.9
Fighting       | 4 5 |  5.1

Action                   |  1- 3 |  4- 6 |  7- 9 || total
-------------------------+-------+-------+-------++-------
Melee: War axe           |    88 |   182 |   189 ||   459
  Use: Scroll            |     1 |    12 |     4 ||    17
       Potion            |       |     1 |     3 ||     4
 Stab: Invisible         |       |     3 |     7 ||    10
Armor: Scale mail        |    39 |       |       ||    39
       Chain mail        |    28 |   152 |   115 ||   295
Dodge: Dodged            |    42 |    94 |   120 ||   256
Block: Buckler           |    25 |    47 |    72 ||   144

Table legend: (Time is in decaauts)
 A = Elapsed time spent in this place.
 B = Non-inter-level travel time spent in this place.
 C = Inter-level travel time spent in this place.
 D = Time resting spent in this place.
 E = Time spent auto-exploring this place.
 F = Levels seen in this place.
 G = Mean time per level.
                   A        B        C        D        E       F      G
               +--------+--------+--------+--------+--------+-----+--------+
         Total |   5952 |   5742 |    210 |   1167 |   3075 |   6 |  992.0 |
       Dungeon |   5456 |   5246 |    210 |    848 |   2944 |   5 | 1091.2 |
         Sewer |    495 |    495 |      0 |    319 |    131 |   1 |  495.0 |
               +--------+--------+--------+--------+--------+-----+--------+

Top non-repeatable levels by time:
     D:4: 1564 daAuts
     D:1: 1088 daAuts
     D:2: 1038 daAuts
     D:3: 992 daAuts
     D:5: 771 daAuts
   Sewer: 495 daAuts
